 Dungeon Crawl Stone Soup version 0.30-a0-1103-g25895a7845 (webtiles) character file.

Game seed: 134398858597645143

7685 CornPuffBuddha the Marksminotaur (level 11, -9/100 HPs)
             Began as a Minotaur Hunter on Apr 16, 2023.
             Was an Elder of Makhleb.
             Mangled by a small abomination (10 damage)
             ... on level 1 of the Abyss on Apr 18, 2023.
             The game lasted 00:29:44 (9859 turns).

CornPuffBuddha the Marksminotaur (Minotaur Hunter)  Turns: 9859, Time: 00:29:45

Health: -9/100     AC: 10    Str: 15    XL:     11   Next: 0%
Magic:  10/10      EV: 11    Int:  6    God:    Makhleb [****..]
Gold:   293        SH:  0    Dex: 19    Spells: 10/10 levels left

rFire   + . .      SeeInvis .    N - +1 shortbow (freeze)
rCold   . . .      Faith    .    (shield currently unavailable)
rNeg    . . .      Spirit   .    p - +3 ring mail {rF+}
rPois   .          Reflect  .    (helmet restricted)
rElec   .          Rampage  .    O - +0 cloak
rCorr   .                        r - +0 pair of gloves
Will    .....                    (no boots)
Stlth   +                        (no amulet)
HPRegen 0.36/turn                (no ring)
MPRegen 0.12/turn                (no ring)

@: no status effects
A: horns 2, retaliatory headbutt
a: Renounce Religion, Minor Destruction, Lesser Servant of Makhleb, Major
Destruction


You were on level 1 of the Abyss.
You worshipped Makhleb.
Makhleb was greatly pleased with you.
You visited 2 branches of the dungeon, and saw 10 of its levels.
You visited the Abyss 1 time.

You collected 545 gold pieces.
You spent 252 gold pieces at shops.

Inventory:

Hand Weapons
 a - a +0 shortbow
 N - a +1 shortbow of freezing (weapon)
Missiles
 q - 4 throwing nets
Armour
 c - a +0 leather armour
 p - a +3 ring mail of fire resistance (worn)
 r - a +0 pair of gloves (worn)
 C - a +0 helmet
 O - a +0 cloak (worn)
Jewellery
 f - a +6 ring of dexterity
 i - a ring of ice
 s - a ring of ice
 u - a +6 ring of intelligence
 y - an amulet of magic regeneration
 F - a ring of ice
Wands
 m - a wand of paralysis (11)
 w - a wand of flame (17)
 B - a wand of iceblast (8)
 M - a wand of digging (6)
Scrolls
 b - 3 scrolls of immolation
 d - a scroll of silence {unknown}
 e - 2 scrolls of teleportation
 l - 2 scrolls of noise
 o - 3 scrolls of magic mapping
 v - 2 scrolls of butterflies
 A - a scroll of torment {unknown}
 H - a scroll of amnesia {unknown}
 K - a scroll of poison {unknown}
 L - a scroll of blinking
Potions
 g - 2 potions of might
 h - 3 potions of degeneration
 j - a potion of invisibility
 k - a potion of berserk rage
 n - a potion of lignification
 t - 5 potions of attraction
 x - a potion of magic {unknown}
 z - a potion of cancellation {unknown}
 D - a potion of curing
 G - a potion of resistance {unknown}
 I - a potion of mutation {unknown}
 J - a potion of flight {unknown}


   Skills:
 + Level 10.2 Fighting
 * Level 16.4 Ranged Weapons
 - Level 2.1 Dodging
 - Level 0.7 Stealth


You had 10 spell levels left.
You didn't know any spells.
Your spell library contained the following spells:

 Spells                   Type           Power      Damage    Failure   Level
 Kiss of Death            Conj/Necr      0%         2d5       69%         1
 Magic Dart               Conj           0%         1d3       69%         1
 Call Imp                 Summ           0%         N/A       83%         2
 Confusing Touch          Hex            0%         N/A       96%         3
 Mephitic Cloud           Conj/Pois/Air  0%         N/A       96%         3
 Stone Arrow              Conj/Erth      0%         3d7       96%         3
 Animate Armour           Summ/Erth      0%         N/A       100%        4
 Dispel Undead            Necr           0%         3d6       100%        4
 Blade Hands              Tmut           0%         N/A       100%        5
 Iron Shot                Conj/Erth      0%         9d1       100%        6
 Lehudib's Crystal Spear  Conj/Erth      0%         10d2      100%        8


Dungeon Overview and Level Annotations

Branches:
Dungeon (9/15)             Temple (1/1) D:6
   Lair: D:8-11         Orc: D:9-12

Altars:
Ashenzari
Cheibriados
Dithmenos
Elyvilon
Fedhas
Gozag
Hepliaklqana
Kikubaaqudgha
Makhleb
Nemelex Xobeh
Okawaru
Qazlal
Ru
Sif Muna
Trog
Uskayaw
Vehumet
Wu Jian
Xom
Yredelemnul
Zin
The Shining One

Shops:
D:5 *

Annotations:
D:5 1 runed translucent door, mandoloar's ghost, novice OpEE
D:9 Erica; Erolcha


Innate Abilities, Weirdness & Mutations

You have a pair of horns on your head.
You reflexively headbutt those who attack you in melee.


Message History

Press: ? - help, Q - select action, (/) - cycle Shift-Dir - straight line, f/p - small abomination
Aim: a small abomination (heavily damaged, 68% to hit)
The puff of flame hits the small abomination but does no damage.
The small abomination is heavily damaged.
The small abomination hits you!
* * * LOW HITPOINT WARNING * * *
Aiming: Minor Destruction (19% risk of failure)
Press: ? - help, Shift-Dir - straight line, f/p - small abomination
Aim: a small abomination (heavily damaged)
The puff of flame hits the small abomination but does no damage.
The small abomination is heavily damaged.
The small abomination hits you!
* * * LOW HITPOINT WARNING * * *
The small abomination hits you but does no damage.
You feel better.
The small abomination closely misses you.
Aiming: Minor Destruction (19% risk of failure)
Press: ? - help, Shift-Dir - straight line, f/p - small abomination
Aim: a small abomination (heavily damaged)
The zap hits the small abomination.
The small abomination is severely damaged.
The small abomination hits you.
* * * LOW HITPOINT WARNING * * *
The small abomination barely misses you.
Aiming: Minor Destruction (19% risk of failure)
Press: ? - help, Shift-Dir - straight line, f/p - small abomination
Aim: a small abomination (severely damaged)
The puff of flame hits the small abomination.
The small abomination is severely damaged.
The small abomination closely misses you.
Unknown command.
Aiming: Minor Destruction (19% risk of failure)
Press: ? - help, Shift-Dir - straight line, f/p - small abomination
Aim: a small abomination (severely damaged)
The puff of flame hits the small abomination.
The small abomination is almost destroyed.
The small abomination hits you!
* * * LOW HITPOINT WARNING * * *
The small abomination hits you!
You die...

### #.##
#@.# #x##
...
#.......
#.#.#####
#..# # #
# . . .


You could see a small abomination.

Vanquished Creatures
  Harold (D:8)
  Maurice (D:8)
  Maggie (D:8)
  A silent spectre (Abyss:1)
  An ancient zyme (Abyss:1)
  Grinder (D:4)
  A blink frog (Abyss:1)
  Sigmund (D:6)
  2 steam dragons
  Eustachio (D:5)
  12 yaks
  A chaos spawn (Abyss:1)
  2 water moccasins
  An ice beast (D:6)
  2 orc warriors (D:8)
  2 black bears (D:6)
  4 ogres
  4 centaurs
  2 kobold brigands
  6 bullfrogs
  3 wights (D:8)
  A howler monkey (D:8)
  A quasit (Abyss:1)
  A hound (D:5)
  3 gnoll boudas
  4 jellies
  3 orc priests
  2 sleepcaps
  Terence (D:3)
  2 iguanas
  6 orc wizards
  10 adders
  19 gnolls
  2 shadow imps
  2 white imps
  2 ufetubi
  2 worms
  2 dart slugs
  35 orcs
  6 ball pythons
  6 bats
  2 endoplasms
  6 giant cockroaches
  8 goblins
  6 hobgoblins
  3 jackals (D:3)
  11 kobolds
  3 quokkas
  3 rats (D:1)
202 creatures vanquished.

Vanquished Creatures (collateral kills)
  A wight (D:8)
1 creature vanquished.

Grand Total: 203 creatures vanquished

Notes
Turn   | Place    | Note
-------+----------+-------------------------------------------
     0 | D:1      | CornPuffBuddha the Minotaur Hunter began the quest for the
                  | Orb.
     0 | D:1      | Reached XP level 1. HP: 18/18 MP: 0/0
   101 | D:1      | Reached XP level 2. HP: 15/25 MP: 1/1
   426 | D:1      | Reached skill level 5 in Ranged Weapons
   736 | D:1      | Reached XP level 3. HP: 30/30 MP: 2/2
   895 | D:2      | Found a hide-covered altar of Uskayaw.
  1252 | D:2      | Reached skill level 6 in Ranged Weapons
  1302 | D:2      | Found a faded altar of an unknown god.
  1430 | D:2      | Prayed at the altar of an unknown god.
  1430 | D:2      | Became a worshipper of Makhleb the Destroyer
  1430 | D:2      | Reached * piety under Makhleb
  1593 | D:3      | Reached XP level 4. HP: 31/37 MP: 3/3
  2105 | D:3      | Noticed Terence
  2114 | D:3      | Killed Terence
  2115 | D:3      | Reached skill level 7 in Ranged Weapons
  2115 | D:3      | Reached XP level 5. HP: 14/42 MP: 4/4
  2527 | D:4      | Found a hide-covered altar of Uskayaw.
  2596 | D:4      | Noticed Grinder
  2607 | D:4      | Killed Grinder
  2608 | D:4      | Reached skill level 8 in Ranged Weapons
  2608 | D:4      | Reached XP level 6. HP: 12/50 MP: 5/5
  3102 | D:5      | Entered Level 5 of the Dungeon
  3115 | D:5      | Reached skill level 9 in Ranged Weapons
  3316 | D:5      | Reached ** piety under Makhleb
  3317 | D:5      | Reached XP level 7. HP: 56/56 MP: 6/6
  3395 | D:5      | Found a burning altar of Makhleb.
  3461 | D:5      | Found a broken altar of Ashenzari.
  3509 | D:5      | Found a runed translucent door.
  3509 | D:5      | Noticed mandoloar's ghost (novice OpEE)
  3590 | D:5      | Noticed Eustachio
  3717 | D:5      | Found Qesoxzer's Assorted Antiques.
  3720 | D:5      | Bought a scroll of identify for 56 gold pieces
  3721 | D:5      | Bought a glowing ring mail for 196 gold pieces
  3774 | D:5      | Reached skill level 10 in Ranged Weapons
  4112 | D:5      | Killed Eustachio
  4374 | D:6      | Noticed Sigmund
  4388 | D:6      | Killed Sigmund
  4389 | D:6      | Reached skill level 11 in Ranged Weapons
  4389 | D:6      | Reached XP level 8. HP: 44/63 MP: 7/7
  4522 | D:6      | Found a staircase to the Ecumenical Temple.
  4645 | D:6      | Reached skill level 12 in Ranged Weapons
  4786 | D:6      | Reached skill level 5 in Fighting
  4849 | D:6      | Reached *** piety under Makhleb
  4912 | D:6      | Found an ornate altar of the Wu Jian Council.
  5245 | D:6      | Reached XP level 9. HP: 40/75 MP: 8/8
  5572 | Temple   | Entered the Ecumenical Temple
  5929 | D:7      | Reached skill level 13 in Ranged Weapons
  6247 | D:7      | Found an iron altar of Okawaru.
  6739 | D:8      | Noticed Maggie
  6761 | D:8      | Killed Maggie
  6891 | D:8      | Noticed Maurice
  6903 | D:8      | Paralysed by Maurice for 2 turns
  6912 | D:8      | Paralysed by Maurice for 5 turns
  6919 | D:8      | Killed Maurice
  7126 | D:8      | Reached skill level 14 in Ranged Weapons
  7465 | D:8      | Upgraded the game from 0.30-a0-1085-g990a428a5c to
                  | 0.30-a0-1103-g25895a7845
  8004 | D:8      | Reached XP level 10. HP: 69/88 MP: 9/9
  8266 | D:9      | Noticed a two-headed ogre
  8266 | D:9      | Noticed Erica
  8356 | D:8      | Reached skill level 15 in Ranged Weapons
  8772 | D:9      | Noticed Harold
  9023 | D:8      | Killed Harold
  9024 | D:8      | Reached skill level 16 in Ranged Weapons
  9262 | D:9      | Reached **** piety under Makhleb
  9372 | D:9      | Noticed a two-headed ogre
  9386 | D:9      | Found a glowing golden altar of the Shining One.
  9386 | D:9      | Noticed Erolcha
  9413 | Abyss:1  | Cast into level 1 of the Abyss (Erolcha)
  9462 | Abyss:1  | Reached skill level 10 in Fighting
  9585 | Abyss:1  | Noticed a smoke demon
  9602 | Abyss:1  | Found a corrupted altar of Lugonu.
  9712 | Abyss:1  | Noticed an orange demon
  9724 | Abyss:1  | Noticed a smoke demon
  9813 | Abyss:1  | Reached XP level 11. HP: 35/100 MP: 10/10
  9859 | Abyss:1  | HP: 1/100 [small abomination (13)]
  9859 | Abyss:1  | Mangled by a small abomination

Illustrated notes

Levels and vault maps discovered:
D:1:      nicolae_arrival_somewhat_less_tricky_arrival, layout_loops_ring
D:2:      layout_rooms, basic_altar, hellmonk_ecumenical_altar_inner_sanctum,
          minmay_fountain_box
D:3:      layout_loops_cross, uniq_terence
D:4:      minmay_door_path, layout_rooms, overflow_temple_1_default,
          nicolae_titane, uniq_grinder
D:5:      layout_cave_pods, bloody_makhleb, cheibrodos_ashenzari_chains,
          hellmonk_ghost_happy_afterlife, serial_shops,
          nicolae_shop_real_fake_doors, uniq_eustachio
D:6:      layout_basic, lemuel_tele_altar, minmay_temple_entry_trees,
          grunt_ministairs_5, uniq_sigmund
D:7:      layout_basic, okawaru_trees_2, corexii_checkpoint_b
D:8:      layout_basic, uniq_maggie, uniq_maurice
D:9:      layout_rooms, mainiacjoe_overflow_24_doors, david_orc_5, uniq_erica,
          uniq_erolcha, uniq_harold
Temple:   nicolae_temple_elliptical
Abyss:1:  base: D:1, guppyfry_abyss_exit_spiral_guarded

Skill      XL: |  1  2  3  4  5  6  7  8  9 10 |
---------------+-------------------------------+-----
Ranged Weapons | 5 6 7 8 9 11 12 14 16 | 16.4
Fighting       | 3 5 8 10 | 10.2
Dodging        | |  2.1
Stealth        | |  0.7

Action                     |  1- 3 |  4- 6 |  7- 9 | 10-12 || total
---------------------------+-------+-------+-------+-------++-------
   Fire: Shortbow          |    87 |   143 |   387 |   223 ||   840
 Invoke: Minor Destruction |       |       |     2 |     4 ||     6
         Lesser Servant of |       |       |     2 |     1 ||     3
  Evoke: Wand              |       |     4 |     8 |     5 ||    17
    Use: Potion            |       |     1 |     2 |     6 ||     9
         Scroll            |       |     7 |     6 |     4 ||    17
 Armour: Leather armour    |    11 |     7 |     1 |       ||    19
         Ring mail         |       |       |    64 |    36 ||   100
  Dodge: Dodged            |    16 |    29 |   101 |    79 ||   225

Table legend: (Time is in decaauts)
 A = Elapsed time spent in this place.
 B = Non-inter-level travel time spent in this place.
 C = Inter-level travel time spent in this place.
 D = Time resting spent in this place.
 E = Time spent auto-exploring this place.
 F = Levels seen in this place.
 G = Mean time per level.
                   A        B        C        D        E       F      G
               +--------+--------+--------+--------+--------+-----+--------+
         Total |   9869 |   9516 |    353 |   2009 |   5888 |  11 |  897.2 |
       Dungeon |   9267 |   8942 |    325 |   1770 |   5703 |   9 | 1029.7 |
        Temple |    162 |    134 |     28 |      0 |    118 |   1 |  162.0 |
         Abyss |    439 |    439 |      0 |    239 |     67 |   1 |  439.0 |
               +--------+--------+--------+--------+--------+-----+--------+

Top non-repeatable levels by time:
     D:8: 2332 daAuts
     D:6: 1276 daAuts
     D:5: 1239 daAuts
     D:7: 946 daAuts
     D:3: 889 daAuts
     D:1: 881 daAuts
     D:2: 723 daAuts
     D:4: 648 daAuts
 Abyss:1: 439 daAuts
     D:9: 330 daAuts
  Temple: 162 daAuts
